 Dungeon Crawl Stone Soup version 0.27-a0-1378-gdefffd1ff6 (webtiles) character file.

Game seed: 2516278689971528698

2808 sagitran the Cutter (level 9, 0/69 HPs)
             Began as a Demonspawn Wanderer on June 29, 2021.
             Was a Plaything of Xom.
             Splashed by an acid dragon's acid (12 damage)
             ... on level 11 of the Dungeon.
             The game lasted 00:36:08 (6644 turns).

sagitran the Cutter (Demonspawn Wanderer)           Turns: 6644, Time: 00:36:09

Health: 0/69       AC: 10    Str: 20    XL:     9   Next: 44%
Magic:  11/11      EV:  8    Int: 23    God:    Xom [..*...]
Gold:   252        SH:  5    Dex: 14    Spells: 7/11 levels left

rFire    . . .     SeeInvis .   t - +11 rapier "Esi Omir" {freeze, Str+2}
rCold    . . .     Faith    .   (no shield)
rNeg     . . .     Spirit   .   j - +5 chain mail of the Moneychanger {Fly Str+2 Int+5}
rPois    +         Reflect  +   (helmet restricted)
rElec    .         Harm     .   (no cloak)
rCorr    .         Rampage  .   (no gloves)
Will     +....                  (no boots)
Stlth    ..........             d - amulet of reflection
HPRegen  0.21/turn              g - ring of poison resistance
MPRegen  0.24/turn              m - +6 ring of intelligence

@: corroded, flying
A: claws 2, spiny 2, magic regeneration, beak, strong-willed 1
a: Renounce Religion


You were on level 11 of the Dungeon.
You worshipped Xom.
You were a toy of Xom.
You visited 2 branches of the dungeon, and saw 11 of its levels.

You collected 369 gold pieces.
You spent 117 gold pieces at shops.

Inventory:

Hand Weapons
 s - a +1 dagger of venom
 t - the +11 rapier "Esi Omir" (weapon) {freeze, Str+2}
   (You found it on level 4 of the Dungeon)

   It has been specially enchanted to freeze those struck by it, causing extra
   injury to most foes and up to half again as much damage against particularly
   susceptible opponents.
   It can also slow down cold-blooded creatures.
   Str:       It affects your strength (+2).
 A - a +2 vorpal spear
Missiles
 o - 8 javelins (quivered)
 r - 13 atropa-tipped darts
Armour
 j - the +5 chain mail of the Moneychanger (worn) {Fly Str+2 Int+5}
   (You found it on level 8 of the Dungeon)

   Str:       It affects your strength (+2).
   Int:       It affects your intelligence (+5).
   Fly:       It grants you flight.
 w - the +1 leather armour of the Shoals {Harm +Blink Str-5 Int+5}
   (You found it on level 6 of the Dungeon)

   Str:       It affects your strength (-5).
   Int:       It affects your intelligence (+5).
   +Blink:    It lets you blink.
   Harm:      It increases damage dealt and taken.
Magical Staves
 G - a staff of air
Jewellery
 d - an amulet of reflection (around neck)
 g - a ring of poison resistance (left claw)
 m - a +6 ring of intelligence (right claw)
 y - a ring of fire
 z - an amulet of the acrobat
Wands
 a - a wand of charming (3)
 B - a wand of polymorph (4)
 E - a wand of iceblast (8)
Scrolls
 c - 5 scrolls of amnesia
 e - 3 scrolls of teleportation {unknown}
 f - a scroll of silence {unknown}
 h - 3 scrolls of vulnerability {unknown}
 i - a scroll of fog {unknown}
 l - 2 scrolls of noise {unknown}
 n - 2 scrolls of magic mapping {unknown}
 p - 2 scrolls of identify {unknown}
 u - a scroll of summoning
 v - a scroll of fear {unknown}
 x - 2 scrolls of enchant armour {unknown}
 F - a scroll of blinking {unknown}
Potions
 b - a potion of degeneration {unknown}
 k - a potion of attraction
 q - 2 potions of curing
 C - 2 potions of might


   Skills:
 + Level 5.7 Fighting
 + Level 6.0(6.4) Short Blades
 + Level 3.4(5.2) Long Blades
 + Level 1.1 Bows
 + Level 3.7 Armour
 + Level 3.1 Dodging
 + Level 5.6 Stealth
 + Level 3.0 Shields
 + Level 1.6 Spellcasting
 + Level 1.1 Conjurations
 + Level 1.4 Air Magic
 + Level 1.2 Poison Magic
 + Level 0.9 Evocations


You had 7 spell levels left.
You knew the following spells:

 Your Spells              Type           Power      Damage    Failure   Level
a - Shock                 Conj/Air       32%        1d5       63%         1
b - Mephitic Cloud        Conj/Pois/Air  7%         N/A       94%         3

Your spell library contained the following spells:

 Spells                   Type           Power      Damage    Failure   Level
 Sandblast                Erth           2%         2d4       80%         1
 Stone Arrow              Conj/Erth      8%         3d7       97%         3


Dungeon Overview and Level Annotations

Branches:
Dungeon (9/15)             Temple (1/1) D:5
   Lair: D:8-11         Orc: D:9-12

Altars:
Ashenzari
Cheibriados
Dithmenos
Elyvilon
Fedhas
Gozag
Hepliaklqana
Kikubaaqudgha
Makhleb
Nemelex Xobeh
Okawaru
Qazlal
Ru
Sif Muna
Trog
Uskayaw
Vehumet
Wu Jian
Xom
Yredelemnul
Zin
The Shining One

Shops:
D:6 =[[?:   D:7 (!

Annotations:
D:3 3 runed translucent doors, ABBCCCDDDD's ghost, amateur PaFi


Innate Abilities, Weirdness & Mutations

You have very sharp fingernails.
You are mostly covered in sharp spines.
You regenerate magic rapidly.
You have a beak for a mouth.
You are strong-willed. (Will+)


Message History

The stone arrow hits your manticore!!
Your manticore dies!
Your manticore's corpse dissolves into shadows!
Your centaur wields a +0 shortbow.
Your centaur shoots an arrow.
The arrow barely misses the gargoyle.
The arrow hits the acid dragon but does no damage.
Aiming: Iceblast
Press: ? - help, Shift-Dir - straight line, f - acid dragon
Aim: an acid dragon
Okay, then.
Okay, then.
Your centaur barely misses the gargoyle.
Your centaur kicks the gargoyle but does no damage.
The gargoyle hits your centaur with a +2 mace of venom!!
Your centaur dies!
Your centaur's corpse dissolves into shadows!
Your centaur unwields a +0 shortbow.
Your centaur closely misses the gargoyle.
Your centaur kicks the gargoyle.
The gargoyle hits your centaur with a +2 mace of venom!
Your centaur is poisoned.
Your centaur hits the gargoyle.
Your centaur kicks the gargoyle but does no damage.
The gargoyle hurls a stone arrow at your centaur.
The stone arrow hits your centaur!
Your centaur dies!
Your centaur's corpse dissolves into shadows!
Aiming: Iceblast
Press: ? - help, Shift-Dir - straight line, f - gargoyle
Aim: a gargoyle, wielding a +2 mace of venom (almost destroyed)
The mass of ice explodes!
The iceblast engulfs the gargoyle.
You destroy the gargoyle!
The iceblast engulfs the acid dragon!
The acid dragon is moderately wounded.
The acid dragon spits acid at you. The splash of acid hits you!
* * * LOW HITPOINT WARNING * * *
The acid corrodes you!
You are splashed with acid!
You die...
Xom cackles wildly!

#.........#
#.........#
#.........#
#.........#
#.........#
#.......>.#
#.........# #.
#.........#
#..##.@.......#
#.......#######
#.......#
#.#####.# # #)#
#D# ... .....
K......


You could see an acid dragon (catching breath).

Vanquished Creatures
  A manticore (D:11)
  A gargoyle (D:11)
  An unseen horror (D:11)
  Sigmund (D:6)
  Edmund (D:5)
  2 water moccasins
  3 sky beasts
  2 black bears
  An ice beast (D:6)
  An ogre (D:5)
  2 centaurs
  A phantom (D:6)
  A wyvern zombie (D:5)
  2 scorpions
  A water moccasin zombie (D:4)
  A water moccasin skeleton (D:5)
  A bullfrog zombie (D:5)
  3 hounds
  2 centaur zombies
  An orc priest (D:6)
  2 gnoll shamans
  3 iguanas
  A scorpion zombie (D:5)
  2 orc wizards
  A hound zombie (D:5)
  10 gnolls
  3 adders
  2 shadow imps
  A worm (D:2)
  A dart slug (D:3)
  20 orcs
  3 ball pythons
  10 endoplasms
  9 giant cockroaches
  7 goblins
  7 hobgoblins
  9 kobolds
  3 quokkas
  2 bats (D:1)
  2 frilled lizards
  6 rats
133 creatures vanquished.

Vanquished Creatures (collateral kills)
  An endoplasm (D:1)
  A giant cockroach (D:1)
  A ball python (D:1)
3 creatures vanquished.

Vanquished Creatures (others)
  3 plants (D:4)
3 creatures vanquished.

Grand Total: 139 creatures vanquished

Notes
Turn   | Place    | Note
-------+----------+-------------------------------------------
     0 | D:1      | sagitran the Demonspawn Wanderer began the quest for the
                  | Orb.
     0 | D:1      | sagitran set off with the following items: a +2 falchion, a
                  | +0 robe; and the following spells available to memorise:
                  | Sandblast, Shock, Mephitic Cloud, Stone Arrow
     0 | D:1      | Reached XP level 1. HP: 18/18 MP: 1/1
   392 | D:1      | Found a faded altar of an unknown god.
   421 | D:1      | Gained mutation: You have sharp fingernails. [demonic
                  | ancestry]
   421 | D:1      | Reached XP level 2. HP: 20/24 MP: 2/2
  1170 | D:1      | Learned a level 1 spell: Shock
  1330 | D:2      | Gained mutation: You are partially covered in sharp spines.
                  | [demonic ancestry]
  1330 | D:2      | Reached XP level 3. HP: 29/29 MP: 3/3
  1357 | D:2      | You fall into a shaft and drop 1 floor!
  2014 | D:3      | Gained mutation: You regenerate magic rapidly. [demonic
                  | ancestry]
  2014 | D:3      | Reached XP level 4. HP: 33/37 MP: 4/4
  2645 | D:4      | Identified the +11 rapier "Esi Omir" {freeze, Str+2}
  2692 | D:5      | Entered Level 5 of the Dungeon
  2697 | D:5      | Gained mutation: You have very sharp fingernails. [demonic
                  | ancestry]
  2697 | D:5      | Reached XP level 5. HP: 31/42 MP: 5/5
  2732 | D:4      | Learned a level 3 spell: Mephitic Cloud
  3184 | D:3      | Found a runed translucent gate.
  3185 | D:3      | Found a runed translucent gate.
  3185 | D:3      | Found a runed translucent gate.
  3188 | D:3      | Noticed ABBCCCDDDD's ghost (amateur PaFi)
  3710 | D:3      | You fall into a shaft and drop 3 floors!
  3714 | D:6      | Found Owawi's Magic Scroll Shoppe.
  3743 | D:6      | Reached XP level 6. HP: 48/48 MP: 6/6
  3748 | D:6      | Identified the +1 leather armour of the Shoals {Harm +Blink
                  | Str-5 Int+5}
  3844 | D:5      | Reached skill level 1 in Short Blades
  3847 | D:5      | Noticed a water moccasin
  3850 | D:5      | Killed a water moccasin
  3851 | D:5      | Reached skill level 2 in Short Blades
  3851 | D:5      | Reached XP level 7. HP: 32/55 MP: 5/7
  4057 | D:5      | Noticed Edmund
  4076 | D:6      | Noticed Sigmund
  4123 | D:4      | Found an ancient bone altar of Kikubaaqudgha.
  4362 | D:5      | Reached skill level 3 in Short Blades
  4424 | D:5      | Gained mutation: You are mostly covered in sharp spines.
                  | [demonic ancestry]
  4424 | D:5      | Reached XP level 8. HP: 40/61 MP: 8/8
  4472 | D:5      | Found a staircase to the Ecumenical Temple.
  4479 | Temple   | Entered the Ecumenical Temple
  4577 | Temple   | Became a worshipper of Xom of Chaos
  4691 | D:5      | Killed Edmund
  4692 | D:5      | Reached skill level 5 in Fighting
  4692 | D:5      | Reached skill level 4 in Short Blades
  4732 | D:5      | XOM: silly message
  5075 | D:6      | Reached skill level 1 in Spellcasting
  5080 | D:6      | Found Gecadad's Jewellery Boutique.
  5132 | D:6      | Found Vourixt's Armour Shoppe.
  5150 | D:6      | Found Vayhui's Book Emporium.
  5158 | D:6      | Reached skill level 5 in Short Blades
  5204 | D:7      | Found Yditukl Vidu's Distillery.
  5209 | D:7      | Bought a potion of might for 52 gold pieces
  5209 | D:7      | Bought a potion of heal wounds for 65 gold pieces
  5262 | D:6      | XOM: 1-stop teleportation journey
  5268 | D:6      | XOM: give mutations
  5268 | D:6      | Gained mutation: You expend magic power (3 MP) to
                  | strengthen your wands. [Xom's grace]
  5268 | D:6      | Gained mutation: A frigid envelope surrounds you and
                  | freezes all who hurt you. [Xom's grace]
  5268 | D:6      | Gained mutation: You have a beak for a mouth. [Xom's grace]
  5268 | D:6      | Gained mutation: You are strong-willed. (Will+) [Xom's
                  | grace]
  5409 | D:6      | Reached skill level 1 in Air Magic
  5466 | D:6      | Reached skill level 5 in Stealth
  5466 | D:6      | Reached skill level 1 in Poison Magic
  5560 | D:6      | Found Huteuf's Antique Armour Shop.
  5637 | D:6      | XOM: give mutations
  5637 | D:6      | Gained mutation: You are dopey. (Int -2) [Xom's mischief]
  5637 | D:6      | Lost mutation: You are dopey. (Int -2) [Xom's mischief]
  5637 | D:6      | Lost mutation: You expend magic power (3 MP) to strengthen
                  | your wands. [Xom's mischief]
  5727 | D:6      | Killed Sigmund
  5728 | D:6      | Reached XP level 9. HP: 56/68 MP: 6/10
  6129 | D:7      | Found Jogize's Antique Weapon Shop.
  6136 | D:8      | XOM: 2-stop teleportation journey
  6162 | D:8      | Reached skill level 1 in Conjurations
  6260 | D:8      | Lost mutation: You are strong-willed. (Will+) [potion of
                  | mutation]
  6260 | D:8      | Lost mutation: A frigid envelope surrounds you and freezes
                  | all who hurt you. [potion of mutation]
  6260 | D:8      | Lost mutation: You have a beak for a mouth. [potion of
                  | mutation]
  6260 | D:8      | Gained mutation: You are strong-willed. (Will+) [potion of
                  | mutation]
  6260 | D:8      | Gained mutation: You have a beak for a mouth. [potion of
                  | mutation]
  6367 | D:8      | Identified the +5 chain mail of the Moneychanger {Fly Str+2
                  | Int+5}
  6602 | D:8      | You are sucked into a shaft and drop 3 floors!
  6605 | D:11     | Noticed a manticore
  6623 | D:11     | Noticed a gargoyle
  6636 | D:11     | Killed a manticore
  6639 | D:11     | Killed an unseen horror
  6640 | D:11     | Reached skill level 6 in Short Blades
  6644 | D:11     | Killed a gargoyle
  6644 | D:11     | Splashed by an acid dragon's acid

Illustrated notes

Levels and vault maps discovered:
D:1:      psy_arrival_radial02, layout_loops_corners, basic_ecumenical_altar,
          minmay_unequal
D:2:      layout_loops_ring, serial_aquarium, aquarium_bridge_square
          [aquarium_subvault_wall, aquarium_subvault_bridge,
          aquarium_subvault_bridge, aquarium_subvault_balcony],
          aquarium_bridge_square [aquarium_subvault_balcony,
          aquarium_subvault_wall, aquarium_subvault_bridge,
          aquarium_subvault_window], aquarium_window_fake, aquarium_window_2,
          aquarium_view_2f, chequers_serial_rivers_small_b, minmay_pentomino_z4
D:3:      layout_basic, gammafunk_ghost_necromancy
D:4:      layout_basic, overflow_temple_1_default, serial_forest,
          infiniplex_forest_end_2, infiniplex_forest_lined_3_way,
          infiniplex_forest_lined_corner, infiniplex_forest_lined_corner,
          infiniplex_forest_clump_small, infiniplex_forest_end_double
D:5:      layout_loops_ring, minmay_temple_entry_wispy, minivault_23,
          uniq_edmund
D:6:      layout_basic, serial_shops, nicolae_shop_trees, kennysheep_mini,
          nicolae_inconvenience_store, nicolae_shop_crystal,
          nicolae_shop_behind_doors, enter_ossuary_2, uniq_sigmund
D:7:      layout_basic, serial_shops, shop, nicolae_shop_crystal, shop,
          nicolae_shop_waterfront, shop, uniq_duvessa
D:8:      layout_cave_pools, serial_co_window_serial, co_window_paths_b,
          co_window_paths_a, co_window_corner_a, co_window_paths_b,
          co_window_corner_a, co_window_paths_a, co_window_of_opportunity_a,
          co_window_cross_1, co_window_paths_a, co_window_2corner,
          co_window_corner_cb, co_window_broadway_b, co_window_unsneaky_path_d,
          co_window_2corner, co_window_paths_c, co_window_paths_e,
          glass_columns_a
D:9:      layout_cave_pools, due_lair_maze_entry_diamond
D:11:     layout_small_grid, gauntlet_entry_generic, minmay_the_grid_2x2
          [minmay_the_grid_minigrid_medium, minmay_the_grid_zigzag_pyramid,
          minmay_the_grid_small_cups,
          minmay_the_grid_prize_four_corners_diamond_b]
Temple:   dpeg_three_leaves_temple

Skill      XL: |  1  2  3  4  5  6  7  8  9 |
---------------+----------------------------+-----
Shields        | 2 3 |  3.0
Long Blades    | 2 3 |  3.4
Stealth        | 2 3 4 5 |  5.6
Fighting       | 4 5 |  5.7
Dodging        | 2 3 |  3.1
Short Blades   | 2 3 5 6 |  6.0
Armour         | 2 3 |  3.7
Spellcasting   | 1 |  1.6
Air Magic      | 1 |  1.4
Poison Magic   | 1 |  1.2
Conjurations   | 1 |  1.1
Bows           | |  1.1
Evocations     | |  0.9

Action                   |  1- 3 |  4- 6 |  7- 9 || total
-------------------------+-------+-------+-------++-------
Melee: Falchion          |    83 |    43 |       ||   126
       Rapier            |       |    44 |    89 ||   133
       Peck              |       |       |     3 ||     3
 Cast: Shock             |     7 |       |     4 ||    11
       Mephitic Cloud    |       |     1 |     4 ||     5
Evoke: Wand              |       |       |     8 ||     8
  Use: Scroll            |     2 |       |     1 ||     3
       Potion            |       |       |    10 ||    10
 Stab: Sleeping          |     5 |     6 |     5 ||    16
       Distracted        |       |       |     2 ||     2
       Confused          |       |       |     2 ||     2
Armor: Robe              |    10 |    12 |       ||    22
       Leather armour    |       |       |    18 ||    18
       Chain mail        |       |       |     6 ||     6
Dodge: Dodged            |    37 |    26 |    34 ||    97
Block: Other             |    10 |    19 |    16 ||    45
       Reflection        |       |     1 |     1 ||     2
       Rpst.: Falchion   |    10 |     2 |       ||    12

Table legend: (Time is in decaauts)
 A = Elapsed time spent in this place.
 B = Non-inter-level travel time spent in this place.
 C = Inter-level travel time spent in this place.
 D = Time resting spent in this place.
 E = Time spent auto-exploring this place.
 F = Levels seen in this place.
 G = Mean time per level.
                   A        B        C        D        E       F      G
               +--------+--------+--------+--------+--------+-----+--------+
         Total |   6675 |   6543 |    132 |    360 |   3406 |  11 |  606.8 |
       Dungeon |   6571 |   6439 |    132 |    360 |   3406 |  10 |  657.1 |
        Temple |    103 |    103 |      0 |      0 |      0 |   1 |  103.0 |
               +--------+--------+--------+--------+--------+-----+--------+

Top non-repeatable levels by time:
     D:1: 1338 daAuts
     D:3: 1102 daAuts
     D:6: 1069 daAuts
     D:5: 883 daAuts
     D:2: 834 daAuts
     D:4: 697 daAuts
     D:8: 436 daAuts
     D:7: 155 daAuts
  Temple: 103 daAuts
    D:11: 41 daAuts
     D:9: 11 daAuts
